AoeStats
← 一剑扫秋风nelson

African Clearing

504458664Analyzed
4v4 RM · 27d ago on Sep 5, 2026· 35m 18s· 8 players
Game mode
Random Map
Map size
Large (8 player)
Population
200
Speed
Normal
Resources
Standard
Victory
Conquest
Starting age
Dark Age
Ending age
Imperial Age
RankedLock teamsTeams togetherTeam positionsShared explorationLock speedFull tech treeHidden civsTurbo modeCheats
Victory
Defeat
🇻🇳 Spanish · Vietnam
1879
+8
🇨🇳 Mapuche · China
1870
+8
🇩🇪 Hindustanis · Germany
1838
+9
🇨🇳 Berbers · China
1656
+17
🇹🇷 Hindustanis · Türkiye
1747
-13
🇹🇷 Italians · Türkiye
1720
-12
🇹🇷 Vietnamese · Türkiye
1641
-9
🇭🇰 Koreans · Hong Kong SAR China
1621
-8
LeHoang
12:57 Feudal Age
13:15 Loom
16:31 Castle Age
14:57 Double-Bit Axe
17:38 Bow Saw
24:11 Padded Archer Armor
23:55 Horse Collar
24:05 Gold Mining
26:42 Wheelbarrow
27:49 Town Watch
29:09 Leather Archer Armor
30:10 Bloodlines
31:12 Husbandry
35:17 Imperial Age
33:46 Hand Cart
一剑扫秋风nelson
10:46 Loom
13:26 Feudal Age
18:01 Castle Age
16:25 Double-Bit Axe
17:12 Horse Collar
18:00 Town Watch
19:03 Fletching
26:17 Elite Skirmisher
29:40 Bodkin Arrow
30:07 Padded Archer Armor
33:05 Malon
33:21 Gold Mining
34:44 Leather Archer Armor
35:06 Ballistics
黑炎凝蒙猹
9:24 Loom
11:36 Feudal Age
24:05 Castle Age
25:11 Scale Barding Armor
25:16 Forging
27:15 Double-Bit Axe
27:11 Horse Collar
28:31 Light Cavalry
32:53 Chain Barding Armor
Jan Itor
8:40 Loom
12:23 Feudal Age
16:12 Castle Age
14:29 Double-Bit Axe
19:25 Bow Saw
19:43 Horse Collar
20:52 Heavy Plow
22:23 Wheelbarrow
22:54 Gold Mining
23:27 Scale Barding Armor
24:10 Hand Cart
24:19 Forging
24:59 Chain Barding Armor
24:57 Bloodlines
25:14 Husbandry
30:13 Iron Casting
35:06 Imperial Age
35:09 Heavy Camel Rider
36:25 Plate Barding Armor
36:11 Conscription
Kuş Bilge
12:13 Feudal Age
12:36 Loom
13:33 Double-Bit Axe
16:00 Castle Age
14:50 Scale Barding Armor
18:41 Forging
21:48 Husbandry
23:26 Bloodlines
31:30 Fletching
USTA
11:27 Loom
13:31 Feudal Age
14:44 Double-Bit Axe
17:31 Castle Age
15:26 Horse Collar
18:09 Fletching
18:32 Bow Saw
18:23 Heavy Plow
21:59 Bodkin Arrow
23:20 Town Watch
25:35 Ballistics
30:01 Padded Archer Armor
35:49 Imperial Age
34:56 Wheelbarrow
SY_Msfu
13:07 Feudal Age
12:57 Loom
13:55 Town Watch
16:46 Castle Age
15:43 Double-Bit Axe
15:49 Stone Mining
25:31 Fletching
28:13 Wheelbarrow
28:24 Horse Collar
29:42 Bodkin Arrow
Sekov
6:47 Loom
12:23 Feudal Age
12:53 Double-Bit Axe
17:00 Castle Age
18:58 Bow Saw
18:33 Horse Collar
25:20 Fletching
26:24 Padded Archer Armor
26:41 Bodkin Arrow
28:00 Padded Archer Armor
31:47 Leather Archer Armor
31:53 Ballistics
32:58 Treadmill Crane
Connection lost

Rejoining the realm…

Still unreachable

The connection could not be restored.

Session expired

The server has moved on; the page needs a fresh start.